Map: [ESL] Alcyone

Players

Maplez

  • Race: Protoss Protoss
  • Spawn Location: 7:00

SpeCial - Winner!

  • Race: Terran Terran
  • Spawn Location: 1:00

Event: ESL SC2 Masters 2024 Spring (Regional)

VOD

Have the link to the VOD?

Description

Time

  • Played on: April 18, 2024, 3:19 p.m.
  • Length: 10:51

All games in this series

Show
View Real Time Build Order
Export as new Build Order

Maplez Protoss 

Build Orders: 1 Gate Expand, Blink Stalkers 

Get SALT Encoding   

  12  0:00  Probe  
  13  0:12  Probe  
  14  0:17  Pylon  
  14  0:24  Probe (Chrono Boost)  
  16  0:37  Probe (Chrono Boost), Gateway  
  16  0:42  Probe (Chrono Boost)  
  16  0:47  Assimilator  
  17  0:51  Probe  
  18  1:03  Probe  
  19  1:15  Probe  
  20  1:24  Cybernetics Core  
  20  1:33  Nexus  
  20  1:36  Probe  
  21  1:42  Pylon  
  21  1:48  Probe  
  21  1:50  Assimilator  
  22  1:58  Adept (Chrono Boost)  
  22  2:00  Probe  
  25  2:03  Warp Gate  
  24  2:12  Probe  
  25  2:18  Adept (Chrono Boost)  
  27  2:24  Probe  
  28  2:30  Twilight Council  
  29  2:37  Probe (Chrono Boost)  
  31  2:46  Probe (Chrono Boost)  
  32  2:51  Stalker  
  32  2:52  Gateway  
  32  2:57  Probe x2 (Chrono Boost)  
  34  3:05  Probe  
  34  3:06  Blink (Chrono Boost)  
  34  3:08  Probe  
  35  3:17  Probe  
  35  3:19  Shield Battery  
  36  3:21  Probe  
  35  3:28  Robotics Facility  
  35  3:30  Probe  
  35  3:33  Probe  
  37  3:42  Gateway  
  37  3:43  Probe  
  37  3:46  Probe  
  39  3:50  Pylon  
  39  3:55  Stalker, Probe  
  42  3:58  Probe  
  43  4:06  Assimilator  
  43  4:07  Probe  
  44  4:10  Stalker, Probe  
  44  4:16  Warp Prism (Chrono Boost)  
  47  4:19  Probe  
  47  4:23  Probe  
  51  4:29  Pylon  
  52  4:31  Probe  
  52  4:33  Stalker  
  54  4:44  Observer  
  54  4:46  Pylon  
  54  4:47  Probe  
  54  4:49  Probe  
  55  4:56  Nexus  
  56  5:02  Observer  
  56  5:04  Stalker x2  
  56  5:05  Stalker  
  62  5:08  Probe  
  62  5:09  Probe  
  64  5:20  Probe  
  62  5:21  Forge  
  62  5:27  Stalker x2  
  64  5:32  Stalker  
  65  5:39  Probe (Chrono Boost)  
  65  5:48  Probe (Chrono Boost)  
  66  5:56  Probe (Chrono Boost)  
  68  5:57  Probe (Chrono Boost)  
  68  6:02  Probe x2 (Chrono Boost)  
  63  6:08  Protoss Ground Weapons Level 1 (Chrono Boost)  
  64  6:12  Observer  
  64  6:14  Probe (Chrono Boost)  
  64  6:18  Probe x2 (Chrono Boost)  
  59  6:21  Charge (Chrono Boost), Observer  
  59  6:23  Gateway x2  
  59  6:26  Gateway  
  59  6:27  Gateway  
  59  6:28  Probe (Chrono Boost)  
  59  6:29  Observer, Probe (Chrono Boost)  
  59  6:30  Probe (Chrono Boost)  
  62  6:34  Probe  
  62  6:36  Warp Prism (Chrono Boost)  
  65  6:40  Zealot, Sentry  
  65  6:42  Observer  
  65  6:46  Pylon  
  69  6:47  Probe  
  69  6:50  Shield Battery  
  69  6:51  Zealot  
  72  7:00  Observer  
  72  7:02  Shield Battery  
  72  7:03  Immortal (Chrono Boost)  
  72  7:05  Zealot x2  
  72  7:06  Pylon  
  72  7:07  Probe  
  81  7:14  Pylon, Zealot  
  83  7:21  Pylon  
  83  7:25  Zealot x2  
  83  7:27  Zealot x3  
  83  7:28  Zealot  
  95  7:33  Pylon  
  95  7:37  Immortal (Chrono Boost)  
  95  7:42  Zealot  
  99  7:48  Pylon  
  99  7:55  Stalker x5  
  109  7:58  Stalker  
  109  8:05  Stalker  
  113  8:07  Pylon  
  111  8:19  Zealot x5  
  112  8:22  Zealot, Protoss Ground Armor Level 1 (Chrono Boost)  
  100  8:27  Probe  
  100  8:29  Zealot, Probe  
  100  8:31  Immortal  
  105  8:41  Dark Shrine  
  105  8:46  Zealot x2  
  105  8:47  Zealot x2  
  113  8:50  Assimilator, Probe  
  113  8:52  Assimilator, Probe  
  113  8:54  Probe  
  116  9:02  Probe  
  115  9:06  Probe  
  112  9:17  Stalker x2  
  114  9:30  Zealot x2  
  112  9:38  Zealot x3  
  112  9:44  Warp Prism  
  112  9:50  Probe x3  
  109  9:56  Zealot x2, Dark Templar x2  
  117  10:00  Archon  
  117  10:02  Probe x2  
  117  10:06  Gateway  
  117  10:12  Dark Templar  
  117  10:13  Dark Templar  
  121  10:15  Probe  
  122  10:22  Dark Templar x2  
  122  10:23  Zealot  
  122  10:27  Gateway  
  128  10:31  Archon  
  120  10:40  Zealot x2  
  123  10:47  Stalker  
  123  10:48  Stalker  
Show
View Real Time Build Order
Export as new Build Order

SpeCial Terran - Winner!

Build Orders: Cyclone Opening 

Get SALT Encoding   

  12  0:00  SCV  
  13  0:12  SCV  
  14  0:17  Supply Depot  
  14  0:24  SCV  
  15  0:39  SCV  
  15  0:40  Barracks  
  16  0:43  Refinery  
  16  0:51  SCV  
  16  0:53  Refinery  
  17  1:03  SCV  
  18  1:15  SCV  
  19  1:28  Orbital Command, Reaper  
  20  1:42  Factory  
  20  1:43  Supply Depot  
  20  1:53  SCV  
  21  2:00  Reaper  
  22  2:06  SCV  
  23  2:18  Command Center  
  23  2:21  SCV  
  24  2:28  Cyclone  
  26  2:33  SCV  
  26  2:35  Barracks Reactor  
  27  2:45  SCV  
  27  2:46  Starport  
  27  2:55  Supply Depot  
  27  2:57  SCV  
  28  3:00  Widow Mine  
  30  3:09  SCV  
  31  3:14  Marine  
  31  3:16  Marine  
  32  3:21  SCV  
  32  3:24  Factory Tech Lab  
  32  3:25  Starport Tech Lab  
  33  3:31  Orbital Command  
  33  3:32  Marine  
  33  3:33  SCV  
  35  3:34  Marine  
  36  3:46  SCV, Banshee  
  40  3:50  Marine  
  40  3:52  Marine  
  40  3:53  Siege Tank  
  45  3:57  SCV  
  45  3:58  SCV  
  47  4:08  Marine  
  47  4:09  SCV, Marine  
  49  4:10  SCV  
  49  4:12  Supply Depot  
  51  4:21  SCV  
  51  4:22  SCV  
  51  4:23  Interference Matrix  
  53  4:29  Marine  
  54  4:33  SCV, Raven, Marine  
  54  4:34  SCV  
  59  4:39  Supply Depot  
  58  4:47  Bunker, Marine  
  58  4:48  Siege Tank  
  58  4:49  Barracks  
  58  4:51  SCV x2  
  62  5:00  Marine  
  62  5:02  Supply Depot  
  62  5:03  SCV x2, Refinery  
  62  5:05  Marine  
  62  5:06  Barracks  
  66  5:15  SCV x2  
  66  5:18  Marine  
  67  5:21  Siege Tank  
  67  5:23  Marine  
  67  5:27  SCV x2  
  73  5:31  Engineering Bay  
  73  5:35  Marine  
  73  5:39  SCV x2  
  73  5:41  Refinery  
  73  5:42  Marine  
  77  5:45  Starport Reactor  
  77  5:47  Supply Depot  
  77  5:48  Stimpack, Marine  
  78  5:51  SCV x2  
  78  5:53  Marine  
  80  6:03  SCV x2  
  79  6:07  Marine  
  79  6:13  Terran Infantry Weapons Level 1, Supply Depot  
  79  6:15  SCV x2  
  79  6:16  Factory Reactor  
  79  6:18  Combat Shield, Marauder  
  79  6:26  Marauder  
  79  6:27  SCV, Marine x2  
  79  6:30  SCV, Command Center  
  85  6:36  Supply Depot  
  85  6:38  Medivac  
  85  6:39  SCV  
  88  6:44  Barracks  
  88  6:48  Medivac  
  88  6:49  Barracks, Marine x2  
  92  6:55  SCV x2  
  92  6:57  Missile Turret  
  94  7:03  Marauder  
  94  7:05  Marauder  
  94  7:07  Marine x2  
  94  7:08  Supply Depot  
  99  7:12  SCV x2  
  101  7:24  Widow Mine x2  
  101  7:25  Marine x2  
  101  7:26  Medivac  
  101  7:27  Missile Turret  
  101  7:29  Medivac  
  111  7:32  SCV  
  111  7:33  Supply Depot  
  111  7:37  Concussive Shells  
  112  7:38  Barracks Reactor  
  112  7:39  Barracks Tech Lab  
  112  7:41  SCV  
  112  7:42  Marine x2  
  114  7:44  SCV  
  114  7:51  Marauder x2  
  119  7:55  SCV  
  120  7:59  Marauder  
  120  8:00  Marine x2  
  120  8:05  Widow Mine x2, Medivac  
  128  8:12  Marauder  
  127  8:15  Medivac  
  127  8:17  SCV  
  130  8:21  Marine  
  130  8:22  Marine x3  
  130  8:26  Widow Mine  
  130  8:27  Widow Mine  
  134  8:28  SCV  
  134  8:32  Terran Infantry Armor Level 1  
  127  8:37  Marauder  
  127  8:38  Orbital Command, Marauder x2  
  127  8:39  Marine x3  
  133  8:46  SCV  
  133  8:48  Armory  
  134  8:49  Engineering Bay  
  134  8:50  Marine  
  134  8:55  Widow Mine x2  
  139  8:57  Marine x2  
  140  9:05  Medivac  
  140  9:06  Medivac  
  139  9:10  Supply Depot  
  139  9:12  Supply Depot x2  
  139  9:18  Marine x2  
  139  9:19  Missile Turret  
  141  9:25  Supply Depot  
  141  9:27  Marine x2  
  141  9:29  Marauder  
  141  9:32  Marauder  
  141  9:36  SCV, Marauder, Marine  
  141  9:38  Marine  
  129  9:46  Widow Mine, Medivac  
  129  9:47  Medivac  
  129  9:51  Marauder  
  133  9:58  Marine, Missile Turret  
  133  9:59  Marauder, Marine x4  
  138  10:09  Widow Mine x2  
  138  10:10  Missile Turret  
  138  10:12  SCV x3, Marauder  
  147  10:16  Refinery, Marine  
  147  10:18  Ghost Academy  
  147  10:20  Marauder, Marine x3  
  147  10:21  Marine  
  151  10:33  Marine  
  155  10:36  SCV  
Tags
 
Add a new tag
Caveats
  • Supply blocks, unpowered buildings, or Contaminate may cause inaccurate times.
  • Supply counts are checked every 10 seconds.